[Event "FIDE Women's Grand Swiss 2023"]
[Site "Villa Marina, Douglas, Isle of Man, Isle Of Man"]
[Date "2023.11.03"]
[Round "9.1"]
[White "Stefanova, Antoaneta"]
[Black "Vaishali, Rameshbabu"]
[Result "0-1"]
[TimeControl "40/90 + 30 + 30s/move"]
[WhiteFideId "2902257"]
[BlackFideId "5091756"]
[WhiteElo "2424"]
[BlackElo "2448"]

1. d4 Nf6 2. Nf3 e6 3. g3 b5 4. a4 b4 5. c4 bxc3 6. bxc3 d5 7. Bg2 Ba6 8. Ne5 Nbd7 9. Nc6 Qc8 10.
Ba3 Bxa3 11. Nxa3 Qb7 12. Nb4 c5 13. dxc5 Nxc5 14. Rb1 Qd7 15. Nxa6 Nxa6 16. c4 O-O 17. cxd5 Nxd5 18. e4 Qe7 19.
Nb5 Nb6 20. a5 Nc4 21. Qe2 Rac8 22. O-O Rc5 23. Rfc1 Rfc8 24. Qa2 h5 25. Bf1 Ne5 26. Qa3 Nf3+ 27. Kg2 Nd2 28. Rxc5 Rxc5 29.
Rd1 Nxe4 30. Qf3 Re5 31. Qf4 f6 32. Nd4 Qb7 33. Nf3 Rxa5 34. Rd8+ Kh7 35. Bxa6 Rxa6 36. Rb8 Qd5 37. Rb4 Ng5 38.
h4 Nxf3 39. Qxf3 Qxf3+ 40. Kxf3 Ra2 41. Rb7 a5 42. Re7 e5 43. Ra7 a4 44. Ke3 Ra1 45. Kf3 Kh6 46. Ra6 a3 47. Ke3 Kg6 48.
Ra7 Kf5 49. Kf3 g6 50. Ra4 a2 51. Ra6 g5 52. hxg5 fxg5 53. Ra4 e4+ 54. Kg2 h4 55. gxh4 gxh4 56. Ra8 h3+ 57. Kh2 Kg4 58.
Ra3 Kf4 0-1

[Event "FIDE Women's Grand Swiss 2023"]
[Site "Villa Marina, Douglas, Isle of Man, Isle Of Man"]
[Date "2023.11.03"]
[Round "9.2"]
[White "Garifullina, Leya"]
[Black "Muzychuk, Anna"]
[Result "1/2-1/2"]
[TimeControl "40/90 + 30 + 30s/move"]
[WhiteFideId "34127035"]
[BlackFideId "14111330"]
[WhiteElo "2402"]
[BlackElo "2510"]

1. e4 e5 2. Nf3 Nc6 3. Bb5 a6 4. Ba4 Nf6 5. O-O Be7 6. d3 b5 7. Bb3 d6 8. a3 Na5 9. Ba2 c5 10.
Nc3 Be6 11. Bg5 Nc6 12. Bxf6 Bxf6 13. Nd5 O-O 14. c3 a5 15. a4 b4 16. Bc4 Rb8 17. h3 h6 18. Qd2 Kh7 19. Rfd1 g6 20.
Nxf6+ Qxf6 21. Nh2 Kg7 22. Ng4 Qf4 23. Ne3 Rfd8 24. Qe2 h5 25. g3 Qf6 26. Nd5 Bxd5 27. Bxd5 Ne7 28. Bc4 h4 29.
Qg4 d5 30. Bb5 bxc3 31. bxc3 Rh8 32. Rf1 Rh5 33. Kg2 Rbh8 34. Rh1 Rd8 35. Rad1 Rdh8 36. Rde1 Rd8 37. Qf3 Qe6 38. g4 Rhh8 39.
Qe3 Qd6 40. Rhf1 f6 41. d4 cxd4 42. cxd4 dxe4 43. dxe5 Qxe5 44. Qxe4 Qxe4+ 45. Rxe4 Nd5 46. Bc6 Rd6 47. Bxd5 Rxd5 48.
Rb1 Rhd8 49. Re7+ Kh6 50. Ra7 Rc8 51. Rb5 Rxb5 52. axb5 Rc3 53. Rxa5 Rb3 54. Ra6 Rxb5 55. Rxf6 Kg5 56.
Re6 Rb3 57. Re3 Rb5 58. Kf3 Ra5 59. Rd3 Re5 60. Rd4 Kf6 61. Kf4 g5+ 62. Kf3 Re6 63. Rd5 Kg6 64. Kg2 Ra6 65. Rd3 Rf6 66.
Rd4 Ra6 67. Re4 Ra2 68. Rb4 Kf6 69. Rb6+ Kg7 70. Rb3 Kg6 71. Kf3 Ra6 72. Ke4 Re6+ 73. Kd5 Re2 74. Rf3 Re1 75. Re3 Rf1 76.
Re6+ Kg7 77. Re2 Rh1 78. Re3 Rf1 79. f3 Kf6 80. Ke4 Ra1 81. Rd3 Re1+ 82. Re3 Ra1 83. Rd3 Re1+ 84. Re3 1/2-1/2

[Event "FIDE Women's Grand Swiss 2023"]
[Site "Villa Marina, Douglas, Isle of Man, Isle Of Man"]
[Date "2023.11.03"]
[Round "9.3"]
[White "Milliet, Sophie"]
[Black "Tan, Zhongyi"]
[Result "0-1"]
[TimeControl "40/90 + 30 + 30s/move"]
[WhiteFideId "623725"]
[BlackFideId "8603642"]
[WhiteElo "2391"]
[BlackElo "2517"]

1. e4 c5 2. Nf3 e6 3. c3 Nf6 4. e5 Nd5 5. d4 cxd4 6. cxd4 d6 7. Bc4 dxe5 8. dxe5 Be7 9. O-O O-O 10.
Qe2 Bd7 11. Nbd2 Bc6 12. Ne4 Nd7 13. Bd3 Qc7 14. Neg5 h6 15. Nh7 Rfd8 16. Bb1 Qb6 17. a4 g6 18. Qd2 Nf8 19. Nxf8 Bxf8 20.
Qe2 Qb4 21. Qe4 Rac8 22. Nd4 Be8 23. Be3 Qxb2 24. Ra2 Qb4 25. Bd2 Nc3 26. Bxc3 Rxc3 27. Nb5 Rc4 28. Qxb7 Bc6 29. Qa6 Bxg2 30.
Kxg2 Rg4+ 31. Kh1 Qc4 32. Nc7 Qxc7 33. Qe2 Qc6+ 34. f3 Rxa4 35. Rxa4 Qxa4 36. Rg1 Bc5 37. Rc1 Bb6 38. Be4 Qd4 39.
f4 Qe3 40. Qxe3 Bxe3 41. Rc4 Bxf4 42. Bxg6 Rd1+ 43. Kg2 fxg6 44. Rxf4 Rd5 45. Rf6 Rxe5 46. Rxg6+ Kh7 47. Rf6 Kg7 48.
Rf4 Rg5+ 49. Kh3 a5 50. Ra4 Kf6 51. Kh4 Rb5 52. Ra3 Ke7 53. Kg4 Rf5 54. Ra4 Kd6 55. h3 Rb5 56. Ra1 Rf5 57.
Ra4 h5+ 58. Kh4 Kc6 59. Re4 e5 60. Kg3 Kb5 61. Re1 a4 62. Re3 Ka5 63. Kh4 Kb4 64. Re4+ Kc3 65. Re3+ Kc2 66. Re2+ Kd3 67.
Ra2 Kc3 68. Re2 a3 69. Re3+ Kb4 70. Re4+ Kb5 71. Re2 Kc4 72. Re3 a2 73. Ra3 Rf2 74. Kxh5 Rg2 75. h4 e4 76. Kh6 e3 77.
h5 Rd2 0-1

[Event "FIDE Women's Grand Swiss 2023"]
[Site "Villa Marina, Douglas, Isle of Man, Isle Of Man"]
[Date "2023.11.03"]
[Round "9.4"]
[White "Assaubayeva, Bibisara"]
[Black "Munguntuul, Batkhuyag"]
[Result "1/2-1/2"]
[TimeControl "40/90 + 30 + 30s/move"]
[WhiteFideId "13708694"]
[BlackFideId "4900758"]
[WhiteElo "2469"]
[BlackElo "2366"]

1. d4 d5 2. c4 c6 3. Nf3 Nf6 4. Nc3 e6 5. e3 Nbd7 6. Bd3 dxc4 7. Bxc4 b5 8. Bd3 Bb7 9. O-O a6 10.
e4 c5 11. d5 Qc7 12. Qe2 Bd6 13. Re1 Ne5 14. Nxe5 Bxe5 15. f4 Bd4+ 16. Kh1 h5 17. dxe6 fxe6 18. e5 Ng4 19. Bg6+ Kd8 20.
Rd1 Kc8 21. Rxd4 cxd4 22. Ne4 Kb8 23. Nd6 Bd5 24. h3 d3 25. Bxd3 Qc5 26. Bc2 Ra7 27. Bb3 Rc7 28. Bd2 g6 29.
Ba5 Rc6 30. Bxd5 Qxd5 31. a4 bxa4 32. Bc3 Qc5 33. Rxa4 Qf2 34. Qxf2 Nxf2+ 35. Kh2 Nd3 36. Rd4 Nc1 37. Rb4+ Ka8 38.
Rb7 Ne2 39. Re7 Nxc3 40. bxc3 Rxc3 41. Rxe6 Rg8 42. Ne4 Rc4 43. Rxa6+ Kb7 44. Nd6+ Kxa6 45. Nxc4 Kb5 46. Nd6+ Kc6 47.
Ne4 Rb8 48. Nf6 Rb3 49. h4 1/2-1/2

[Event "FIDE Women's Grand Swiss 2023"]
[Site "Villa Marina, Douglas, Isle of Man, Isle Of Man"]
[Date "2023.11.03"]
[Round "9.5"]
[White "Goryachkina, Aleksandra"]
[Black "Narva, Mai"]
[Result "0-1"]
[TimeControl "40/90 + 30 + 30s/move"]
[WhiteFideId "4147103"]
[BlackFideId "4500512"]
[WhiteElo "2558"]
[BlackElo "2399"]

1. d4 Nf6 2. c4 e6 3. Nc3 d5 4. Nf3 Nbd7 5. Bf4 dxc4 6. e3 b5 7. Nxb5 Bb4+ 8. Nc3 Nd5 9. a3 Bxc3+ 10. bxc3 Nxf4 11. exf4 Bb7 12. Bxc4 O-O 13. Bd3 Rb8 14. O-O c5 15. Re1 cxd4 16. Nxd4 Nf6 17. Qd2 Qc7 18. Rac1 Rfd8 19.
Qe3 Qd6 20. Qe5 Qxa3 21. f5 Nd7 22. Qg3 e5 23. f6 Nxf6 24. Nf5 g6 25. Bc2 Re8 26. Qg5 Nh5 27. Rb1 f6 28. Qg4 Nf4 29.
Ne3 Bc6 30. h4 h5 31. Qd1 Rbd8 32. Bb3+ Kg7 33. Qc2 Qc5 34. Ba4 Re7 35. Bxc6 Qxc6 36. g3 Nd3 37. Red1 Red7 38. c4 Rd4 39.
Qa2 R8d7 40. Qa3 Qd6 41. Ra1 Qc6 42. Rab1 Qf3 43. Rd2 Nxf2 44. Rxf2 Rd1+ 45. Nxd1 Qxa3 46. Kh2 e4 47. Rfb2 e3 48.
c5 Qxc5 49. Re2 Qc4 0-1

[Event "FIDE Women's Grand Swiss 2023"]
[Site "Villa Marina, Douglas, Isle of Man, Isle Of Man"]
[Date "2023.11.03"]
[Round "9.6"]
[White "Cori T., Deysi"]
[Black "Efroimski, Marsel"]
[Result "1-0"]
[TimeControl "40/90 + 30 + 30s/move"]
[WhiteFideId "3801934"]
[BlackFideId "2810964"]
[WhiteElo "2367"]
[BlackElo "2447"]

1. Nf3 d5 2. g3 Nf6 3. Bg2 c5 4. O-O e6 5. d4 cxd4 6. Nxd4 e5 7. Nb3 Be6 8. Nc3 Be7 9. f4 e4 10.
f5 Bc8 11. Bg5 Nbd7 12. Qd4 Nb6 13. Rad1 O-O 14. Bxf6 Bxf6 15. Qc5 Be7 16. Qa5 Qc7 17. Nxd5 Nxd5 18. Qxd5 Qxc2 19. Qxe4 Qc7 20.
Kh1 Bf6 21. Rd2 a5 22. Nd4 a4 23. Nb5 Qb6 24. Nd6 Bg5 25. Nc4 Qc7 26. Rc2 Ra6 27. Ne3 Qd8 28. Nd5 Bd7 29. h4 Rh6 30.
Kg1 Bf6 31. Qf4 Bc6 32. Nxf6+ Rxf6 33. e4 Rd6 34. Rff2 f6 35. Rfd2 Rxd2 36. Rxd2 Qb6+ 37. Qf2 Qc7 38. Qf4 Qb6+ 39. Qf2 Qc7 40. Kh2 Rd8 41.
Qf4 Qe7 42. Bf3 Rxd2+ 43. Qxd2 g6 44. fxg6 hxg6 45. Qc3 Kg7 46. Qd4 Qe6 47. a3 Kf7 48. g4 Qe7 49. Kg2 Qe6 50. Kf2 Qb3 51.
g5 fxg5 52. hxg5 Qe6 53. Kg3 Ke7 54.
Qg7+ Kd6 55. Qf6 Qxf6 56. gxf6 Ke6 57. e5 Be8 58. Kf4 g5+ 59. Kxg5 Kxe5 60. Bxb7 Kd4 61. Bc6 1-0

[Event "FIDE Women's Grand Swiss 2023"]
[Site "Villa Marina, Douglas, Isle of Man, Isle Of Man"]
[Date "2023.11.03"]
[Round "9.7"]
[White "Tsolakidou, Stavroula"]
[Black "Ushenina, Anna"]
[Result "1/2-1/2"]
[TimeControl "40/90 + 30 + 30s/move"]
[WhiteFideId "4264312"]
[BlackFideId "14110911"]
[WhiteElo "2385"]
[BlackElo "2434"]

1. c4 e6 2. g3 d5 3. Bg2 d4 4. Nf3 Nf6 5. O-O c5 6. e3 Nc6 7. exd4 cxd4 8. d3 Bd6 9. Bg5 h6 10.
Bxf6 Qxf6 11. Nbd2 Qe7 12. a3 a5 13. Ne4 Bc7 14. c5 O-O 15. Nfd2 f5 16. Nd6 Bxd6 17. cxd6 Qxd6 18. Nc4 Qe7 19.
Re1 Ra6 20. Rc1 Bd7 21. Qd2 b5 22. Ne5 Nxe5 23. Rxe5 Qd6 24. Rec5 Rb8 25. b4 axb4 26. Qxb4 Kh7 27. Rc7 Rbb6 28.
Qxd6 Rxd6 29. Rb7 Bc6 30. Bxc6 Rdxc6 31. Rxc6 Rxc6 32. Rxb5 Rc3 33. Re5 Rxa3 34. Rxe6 Rxd3 35. Rd6 Rd1+ 36.
Kg2 h5 37. Kf3 Rd2 38. h4 g6 39. Kg2 Kg7 40. Kf1 f4 41. gxf4 d3 42. Ke1 Re2+ 43. Kf1 Re4 44. Rxd3 Rxf4 45.
Rh3 Kf6 46. Kg2 Rg4+ 47. Kh2 Ke5 48. f3 Ra4 49. Kg3 Ra1 50. Rh2 Rg1+ 51. Kf2 Rb1 52. Kg3 Rg1+ 1/2-1/2

[Event "FIDE Women's Grand Swiss 2023"]
[Site "Villa Marina, Douglas, Isle of Man, Isle Of Man"]
[Date "2023.11.03"]
[Round "9.8"]
[White "Shuvalova, Polina"]
[Black "Javakhishvili, Lela"]
[Result "0-1"]
[TimeControl "40/90 + 30 + 30s/move"]
[WhiteFideId "24171760"]
[BlackFideId "13601458"]
[WhiteElo "2506"]
[BlackElo "2437"]

1. e4 c5 2. Nf3 Nc6 3. Bb5 e6 4. O-O Nge7 5. Re1 Nd4 6. Nxd4 cxd4 7. c3 a6 8. Bf1 Nc6 9. d3 Bc5 10.
Nd2 d6 11. Nb3 Ba7 12. cxd4 O-O 13. Be3 a5 14. a4 Bd7 15. f4 Qb8 16. Kh1 Rc8 17. Qh5 Nb4 18. f5 exf5 19. exf5 Nd5 20.
Bg1 Nf6 21. Qg5 Rc2 22. Nxa5 d5 23. b4 h6 24. Qh4 Bxf5 25. Re7 b6 26. Nb3 Rb2 27. Re5 Bd7 28. Nc1 Rxb4 29. Ne2 Qxe5 30.
dxe5 Rxh4 31. exf6 Rxa4 32. Rb1 Rc8 33. Bxb6 Rb8 34. Nc3 Rxb6 0-1

[Event "FIDE Women's Grand Swiss 2023"]
[Site "Villa Marina, Douglas, Isle of Man, Isle Of Man"]
[Date "2023.11.03"]
[Round "9.9"]
[White "Cramling, Pia"]
[Black "Guichard, Pauline"]
[Result "1-0"]
[TimeControl "40/90 + 30 + 30s/move"]
[WhiteFideId "1700030"]
[BlackFideId "639370"]
[WhiteElo "2446"]
[BlackElo "2358"]

1. Nf3 Nf6 2. c4 e6 3. g3 d5 4. Bg2 Be7 5. O-O O-O 6. d4 dxc4 7. Ne5 Nc6 8. Nxc6 bxc6 9. Na3 Bxa3 10.
bxa3 Ba6 11. Qd2 Rb8 12. Qa5 Qc8 13. a4 Rd8 14. Rd1 c3 15. Qxc3 Bxe2 16. Re1 Qa6 17. Qxc6 Nd5 18. Qxa6 Bxa6 19.
Bg5 f6 20. Bd2 Kf7 21. Rec1 Rd7 22. Rc5 Rb2 23. Be1 Bd3 24. h3 h5 25. h4 Kg6 26. a3 Nb6 27. Bf3 f5 28. Bb4 Nd5 29.
Re1 Nf6 30. Rxe6 Rxd4 31. Rxc7 Rb1+ 32. Kg2 Bf1+ 33. Kh2 f4 34. g4 hxg4 35. Bxg4 f3 36. h5+ Kh6 37. Bxf3 Rb3 38. Bc3 Rf4 39.
Kg3 Rf5 40. Bg4 Rg5 41. f3 1-0

[Event "FIDE Women's Grand Swiss 2023"]
[Site "Villa Marina, Douglas, Isle of Man, Isle Of Man"]
[Date "2023.11.03"]
[Round "9.10"]
[White "Bulmaga, Irina"]
[Black "Mammadzada, Gunay"]
[Result "0-1"]
[TimeControl "40/90 + 30 + 30s/move"]
[WhiteFideId "13903063"]
[BlackFideId "13403729"]
[WhiteElo "2423"]
[BlackElo "2441"]

1. e4 c5 2. Nf3 d6 3. d4 cxd4 4. Nxd4 Nf6 5. Nc3 a6 6. Bc4 e6 7. Bb3 Be7 8. f4 O-O 9. e5 dxe5 10.
fxe5 Nfd7 11. Bf4 Bg5 12. Qd2 Bxf4 13. Qxf4 Qa5 14. Nf3 Nc6 15. O-O-O Ncxe5 16. Ne4 Ng6 17. Qe3 Qc7 18. Rd6 a5 19.
Nfg5 Nde5 20. a4 h6 21. Nf3 Nxf3 22. gxf3 Bd7 23. Rg1 Bc6 24. Qc5 Rad8 25. Bxe6 fxe6 26. Rxg6 Rxd6 27. Nxd6 Rxf3 28.
Rxe6 Rf1+ 29. Kd2 Rd1+ 30. Kc3 Qd8 31. Qe5 Rd5 32. Qf4 Rc5+ 33. Kd4 Rd5+ 34. Kc3 Rc5+ 35. Kd4 Rxc2 36. Qf7+ Kh8 37. Kd3 Rc5 38. Ke2 Qg5 39.
Ne4 Bxe4 40. Re8+ Kh7 41. Qg8+ Kg6 42. Qe6+ Qf6 43. Qg4+ Rg5 44. Qxe4+ Kf7 45. Kd3 Rc5 46. Ke3 Rh5 47.
Qg4 Re5+ 48. Rxe5 Qxe5+ 49. Kd3 Qxb2 50. Qc4+ Kf6 51. Qf4+ Ke6 52. Qc4+ Kd6 53. Qf4+ Qe5 54. Qf8+ Kc6 55.
Qc8+ Qc7 56. Qg8 Qd6+ 57. Ke4 g6 58. Qc8+ Kb6 59. Qh8 h5 60. Qg8 Qxh2 61. Qxg6+ Ka7 62. Qh6 Qh4+ 63. Ke3 Qg3+ 64. Ke2 Qg4+ 65. Ke1 Qe4+ 66.
Kf2 h4 67. Qg5 Qxa4 68. Qe3+ Ka6 69. Qh6+ b6 70. Qe6 Qd4+ 71. Kg2 a4 72. Qc8+ Ka5 73. Qa8+ Kb4 74. Qf8+ Kc4 75. Qc8+ Kd3 76.
Kh1 Kd2 77. Qc6 a3 78. Qh6+ Qe3 79. Qd6+ Ke2 80. Qh2+ Kd1 81. Qd6+ Qd2 82. Qf6 Kc2 83. Qc6+ Qc3 84. Qg6+ Kd2 85.
Qg2+ Kc1 86. Qg1+ Kc2 87. Qf2+ Kd1 88. Qf7 h3 89. Qd5+ Kc1 90. Qg5+ Qd2 0-1

[Event "FIDE Women's Grand Swiss 2023"]
[Site "Villa Marina, Douglas, Isle of Man, Isle Of Man"]
[Date "2023.11.03"]
[Round "9.11"]
[White "Socko, Monika"]
[Black "Dronavalli, Harika"]
[Result "1/2-1/2"]
[TimeControl "40/90 + 30 + 30s/move"]
[WhiteFideId "1106619"]
[BlackFideId "5015197"]
[WhiteElo "2380"]
[BlackElo "2502"]

1. d4 d5 2. Nf3 Nf6 3. g3 c6 4. Bg2 Bf5 5. O-O h6 6. c4 e6 7. Qb3 Qb6 8. c5 Qa6 9. Re1 b6 10.
e4 Bxe4 11. Bf1 Qb7 12. Nbd2 Bf5 13. a4 Be7 14. a5 Nbd7 15. Nh4 Bh7 16. f4 Ne4 17. Ndf3 O-O 18. Be3 Rfb8 19. cxb6 axb6 20.
a6 Qc7 21. Rec1 Nd6 22. Ne5 Nxe5 23. fxe5 Ne4 24. Nf3 b5 25. Bd3 Qb6 26. Qc2 Rc8 27. h4 Rxa6 28. Rxa6 Qxa6 29. Nd2 Qa2 30.
Rf1 c5 31. Nxe4 Bxe4 32. Bxe4 dxe4 33. dxc5 Qd5 34. Qf2 Kh7 35. b4 f5 36. exf6 Bxf6 37. Qe2 Qd3 38. Qxd3 exd3 39. Rd1 Bc3 40.
Rxd3 Bxb4 41. Kg2 Rc7 42. Rd6 Bxc5 43. Bxc5 Rxc5 44. Rxe6 h5 45. Rb6 g5 46. hxg5 Rxg5 47. Kh3 Kg7 48.
Kh4 Rc5 49. g4 hxg4 50. Kxg4 Kf7 51. Kf4 Ke7 52. Ke4 Kd7 53. Kd4 Rh5 54. Ke4 1/2-1/2

[Event "FIDE Women's Grand Swiss 2023"]
[Site "Villa Marina, Douglas, Isle of Man, Isle Of Man"]
[Date "2023.11.03"]
[Round "9.12"]
[White "Fataliyeva, Ulviyya"]
[Black "Muzychuk, Mariya"]
[Result "0-1"]
[TimeControl "40/90 + 30 + 30s/move"]
[WhiteFideId "13403052"]
[BlackFideId "14114550"]
[WhiteElo "2393"]
[BlackElo "2519"]

1. e4 c5 2. Nf3 Nc6 3. Bb5 e6 4.
Bxc6 bxc6 5. d3 Qc7 6. h4 e5 7. h5 h6 8. Nbd2 Nf6 9. c4 d5 10. Nh4 Bg4 11. f3 Bxh5 12. g4 Bg6 13.
Nxg6 fxg6 14. Qa4 d4 15. Nb3 Be7 16. Bd2 Nh7 17. f4 exf4 18. Bxf4 Qd7 19. O-O-O O-O 20. Bd2 Ng5 21. Bxg5 Bxg5+ 22. Kb1 Be7 23. Na5 Rac8 24. Rdf1 Kh7 25. Rxf8 Bxf8 26. Qd1 Bd6 27. Rf1 Qe6 28. Qe2 Kg8 29. a3 Be5 30. Nb7 Qe7 31.
Na5 Bd6 32. Ka2 Rc7 33. Qf3 Qe6 34. e5 Bxe5 35. Qe4 Qd6 36. Rf2 Kh7 37. g5 h5 38. Rf3 Bg3 39. Qe8 Bf4 40. Qa8 Qe5 41.
Nxc6 Qxg5 42. Nd8 Re7 43. Qc6 Re2 44. Qb7 Qxd8 45. Rxf4 Qb6 46. Qxb6 axb6 47. Kb1 g5 48. Rf1 g4 49. b4 g3 0-1

[Event "FIDE Women's Grand Swiss 2023"]
[Site "Villa Marina, Douglas, Isle of Man, Isle Of Man"]
[Date "2023.11.03"]
[Round "9.13"]
[White "Paehtz, Elisabeth"]
[Black "Tania, Sachdev"]
[Result "1/2-1/2"]
[TimeControl "40/90 + 30 + 30s/move"]
[WhiteFideId "4641833"]
[BlackFideId "5007844"]
[WhiteElo "2484"]
[BlackElo "2389"]

1. c4 e5 2. g3 Nf6 3. Bg2 d5 4. cxd5 Nxd5 5. Nc3 Nb6 6. Nf3 Nc6 7. O-O Be7 8. b3 O-O 9. Bb2 Bg4 10.
Rc1 Qd7 11. Ne4 f6 12. Nc5 Bxc5 13. Rxc5 Rad8 14. Qc2 Rfe8 15. d3 Nb4 16. Qb1 c6 17. Re1 Nc8 18. a3 Nd5 19. b4 Nd6 20.
Nd2 Nc7 21. Rcc1 Bh3 22. Bh1 Qf7 23. a4 a6 24. Qc2 Nd5 25. Qc5 Nf4 26. Ne4 Nxe4 27. Bxe4 Ne6 28. Qc4 Ng5 29. Qxf7+ Kxf7 30.
Bh1 e4 31. dxe4 Nxe4 32. Rcd1 Rd2 33. Rxd2 Nxd2 34. Bc3 Ne4 35. Bd4 Nd2 36. f3 Be6 37. Kf2 Rd8 1/2-1/2

[Event "FIDE Women's Grand Swiss 2023"]
[Site "Villa Marina, Douglas, Isle of Man, Isle Of Man"]
[Date "2023.11.03"]
[Round "9.14"]
[White "Aulia, Medina Warda"]
[Black "Wagner, Dinara"]
[Result "0-1"]
[TimeControl "40/90 + 30 + 30s/move"]
[WhiteFideId "7101570"]
[BlackFideId "24157570"]
[WhiteElo "2362"]
[BlackElo "2461"]

1. e4 c5 2. Nf3 d6 3. Bb5+ Bd7 4. Bxd7+ Qxd7 5. O-O Nc6 6. Qe2 g6 7. c3 Bg7 8. Rd1 Rc8 9. h3 Nf6 10.
d4 cxd4 11. cxd4 d5 12. e5 Ne4 13. Be3 O-O 14. Nbd2 Nxd2 15. Bxd2 Nd8 16. Bc3 Ne6 17. Qe3 Rc6 18. h4 h5 19.
Kh2 Rfc8 20. Rg1 Nc7 21. a4 Qg4 22. Rge1 Ne6 23. g3 Rc4 24. Kg2 b6 25. Nd2 R4c6 26. Qf3 Qxf3+ 27. Nxf3 Bh6 28.
Red1 Rc4 29. Ne1 Ng7 30. Nc2 Nf5 31. Ra3 e6 32. Rda1 a5 33. Rb3 R8c6 34. Kf1 Bd2 35. Raa3 Kf8 36.
Ke2 Bh6 37. Kd3 Ke8 38. Ra1 Kd7 39. Ra2 Kc8 40. Ra1 Kb7 41. Ne1 Ka6 42. Nc2 Rc8 43. Ne1 Rd8 44. Nf3 Rg8 45. Rb5 Rgc8 46.
Ra2 Ne7 47. Ra1 Nc6 48. Rb3 Nb4+ 49. Ke2 Nc2 50. Ra2 R8c7 51. Kd1 Nb4 52. Ra1 Nd3 53. Ke2 Nc1+ 54. Rxc1 Bxc1 55. Kd1 Bh6 56.
Ra3 Bf8 57. Ra1 Bb4 58. Nd2 Bxc3 59. Nxc4 Bxd4 60. Nd2 Bxb2 61. Rb1 Bxe5 62. Rb3 Rc3 63. Ke2 Rc2 64. Kd1 Ra2 65. Rf3 f6 66.
Re3 d4 67. Re4 d3 0-1

[Event "FIDE Women's Grand Swiss 2023"]
[Site "Villa Marina, Douglas, Isle of Man, Isle Of Man"]
[Date "2023.11.03"]
[Round "9.15"]
[White "Injac, Teodora"]
[Black "Gunina, Valentina"]
[Result "0-1"]
[TimeControl "40/90 + 30 + 30s/move"]
[WhiteFideId "932400"]
[BlackFideId "4167570"]
[WhiteElo "2426"]
[BlackElo "2439"]

1. Nf3 d5 2. g3 c6 3. Bg2 Bg4 4. h3 Bxf3 5. Bxf3 e5 6. d3 Nf6 7. O-O Bc5 8. e4 O-O 9. a4 h6 10.
a5 Na6 11. c3 Bd6 12. Qc2 Bc7 13. b4 Qd7 14. Kg2 Rfd8 15. Rd1 d4 16. Bb2 Qe7 17. Qb3 dxc3 18. Bxc3 Bd6 19. Ra4 Nc7 20.
Na3 a6 21. Nc2 Nb5 22. Bb2 Rd7 23. Ne3 g6 24. Nc4 Bc7 25. Na3 Nd4 26. Bxd4 Rxd4 27. Nc2 Rd7 28. Raa1 Rad8 29. Qc4 Bb8 30.
Be2 Kg7 31. Rf1 Ne8 32. f4 exf4 33. gxf4 Qh4 34. Qc3+ Kg8 35. Qe1 Qe7 36. Rd1 Ng7 37. Kh1 Ne6 38. f5 Nf4 39. fxg6 fxg6 40.
Rf3 Qg5 41. Bf1 Nh5 42. Qd2 Ng3+ 43. Kg2 Nxe4+ 44. Qxg5 Nxg5 45. Re3 Nh7 46. d4 Nf6 47. Bc4+ Kg7 48. Rde1 Bd6 49. Re6 Rc7 50.
Bd3 Rf7 51. Kh1 Bf4 52. h4 g5 53. hxg5 hxg5 54. Kg2 Rh8 55. Rh1 Rxh1 56. Kxh1 Rd7 57. Bf5 Rd5 58. Bd3 Kf7 59. Re1 Rd8 60.
Kg2 g4 61. Bc4+ Kf8 62. Rf1 Bg5 63. Rf5 Bh4 64. Rf4 Re8 65. Rf5 Kg7 66. Re5 Rxe5 67. dxe5 Nh5 68. Ne3 Nf4+ 69. Kf1 Be7 70.
Nxg4 Bxb4 71. e6 Ng6 72. Kf2 Bxa5 73. Ke3 b5 74. Bd3 Ne7 75. Be4 Bc7 76. Kd4 Bd6 77. Kc3 Kf8 78. Kd3 Ke8 79.
Nh6 Kd8 80. Kc3 Kc7 81. Kb3 c5 82. Ng4 c4+ 83. Kc2 Bc5 84. Nf6 Bd4 85. Ne8+ Kb6 86. Nd6 Be5 87. Nf7 Bc7 88. Bf3 Kc5 89.
Ng5 b4 90. Ne4+ Kd4 91. Nf6 b3+ 92. Kb2 Be5 93. Nd7 Bg7 94. Bb7 a5 95. Ka3 Bh6 0-1

[Event "FIDE Women's Grand Swiss 2023"]
[Site "Villa Marina, Douglas, Isle of Man, Isle Of Man"]
[Date "2023.11.03"]
[Round "9.16"]
[White "Kamalidenova, Meruert"]
[Black "Kosteniuk, Alexandra"]
[Result "1-0"]
[TimeControl "40/90 + 30 + 30s/move"]
[WhiteFideId "13712802"]
[BlackFideId "4128125"]
[WhiteElo "2351"]
[BlackElo "2523"]

1. e4 e5 2. Nf3 Nc6 3. Bb5 a6 4. Ba4 Nf6 5. O-O Be7 6. Re1 b5 7. Bb3 O-O 8. d3 d6 9. c3 Na5 10.
Bc2 c5 11. Nbd2 Nc6 12. Nf1 Re8 13. Ng3 h6 14. h3 Be6 15. d4 cxd4 16. cxd4 exd4 17. Ne2 Nb4 18. Nexd4 Nxc2 19. Qxc2 Bf8 20.
Bf4 Rc8 21. Qd2 Bd7 22. Qd3 Qb6 23. Rad1 d5 24. e5 Ne4 25. Be3 Nc5 26. Qe2 Qb7 27. Qc2 b4 28. Qb1 a5 29. Ne2 b3 30.
Nf4 bxa2 31. Qxa2 Ba4 32. Rc1 Bb3 33. Qxa5 Bc4 34. Bxc5 Rxc5 35. Qd2 Rb5 36. Nd3 Qb6 37. Rc2 Ra8 38.
e6 fxe6 39. Nfe5 Rb3 40. Nxc4 dxc4 41. Rxc4 Qd8 42. Rd1 Rab8 43. Qe2 Qe8 44. Re4 R8b6 45. Rd2 Qc8 46. Rc2 Qa6 47. Rec4 Qb5 48.
h4 Qf5 49. Ne5 Ra6 50. Nf3 Ra1+ 51. Rc1 Rxc1+ 52. Rxc1 Qf6 53. Rc2 Rb4 54. g3 Qf5 55. Kg2 e5 56. Rc4 e4 57. Nh2 Qb5 58.
Rc2 Qb7 59. Nf1 Be7 60. Ne3 Bf6 61. Qg4 Rb5 62. h5 Kf7 63. Qg6+ Kf8 64. Qh7 Kf7 65. Qg6+ Kf8 66. Qg4 Kf7 67.
Qf4 Re5 68. Nc4 Re6 69. Nd6+ Rxd6 70. Qxd6 Qb3 71. Qc7+ 1-0

[Event "FIDE Women's Grand Swiss 2023"]
[Site "Villa Marina, Douglas, Isle of Man, Isle Of Man"]
[Date "2023.11.03"]
[Round "9.17"]
[White "Beydullayeva, Govhar"]
[Black "Batsiashvili, Nino"]
[Result "1-0"]
[TimeControl "40/90 + 30 + 30s/move"]
[WhiteFideId "13413015"]
[BlackFideId "13602993"]
[WhiteElo "2383"]
[BlackElo "2475"]

1. Nf3 Nf6 2. g3 d5 3. Bg2 c5 4. O-O Nc6 5. d4 cxd4 6. Nxd4 e5 7. Nxc6 bxc6 8. c4 Be6 9. Nc3 Rc8 10.
Qa4 Qd7 11. cxd5 cxd5 12. Qxd7+ Kxd7 13. Rd1 Bc5 14. Na4 a6 15. Bg5 Kd6 16. Nxc5 Rxc5 17. e4 h6 18. Bd2 Rb5 19. exd5 Nxd5 20.
Bc3 f6 21. a4 Rc5 22. Bb4 Rhc8 23. Rac1 e4 24. Bxe4 Ke5 25. Bxc5 Kxe4 26. Re1+ Kf5 27. g4+ Kxg4 28. Rxe6 Nf4 29. Re4 g5 30. Be3 Rd8 31. Bxf4 gxf4 32.
Kg2 1-0

[Event "FIDE Women's Grand Swiss 2023"]
[Site "Villa Marina, Douglas, Isle of Man, Isle Of Man"]
[Date "2023.11.03"]
[Round "9.18"]
[White "Terbe, Julianna"]
[Black "Roebers, Eline"]
[Result "1-0"]
[TimeControl "40/90 + 30 + 30s/move"]
[WhiteFideId "708780"]
[BlackFideId "1058401"]
[WhiteElo "2266"]
[BlackElo "2390"]

1. d4 Nf6 2. Nf3 g6 3. Bf4 Bg7 4. e3 O-O 5. Be2 d6 6. h3 b6 7. O-O Bb7 8. a4 a5 9. Nbd2 Nbd7 10.
c3 Qe8 11. Bh2 e5 12. Qb3 Qe7 13. dxe5 dxe5 14. Rad1 Rad8 15. Bc4 h6 16. Qc2 Kh7 17. e4 Nh5 18. Rfe1 Nc5 19. b4 axb4 20.
cxb4 Na6 21. b5 Nc5 22. Ra1 Nf4 23. Nb3 Rd7 24. a5 Nxb3 25. Qxb3 bxa5 26. Rxa5 Qf6 27. Qe3 g5 28. Ra7 Rb8 29.
h4 Kg8 30. hxg5 hxg5 31. Bg3 Qe7 32. Rc1 Bf6 33. Nh2 Rd4 34. Ng4 Kg7 35. f3 Qc5 36. Ra2 Rbd8 37. Bf1 Qb6 38. Bf2 Be7 39.
Qc3 Qe6 40. Ra7 Rd1 41. Rxd1 Rxd1 42. Qc2 Rxf1+ 43. Kxf1 1-0

[Event "FIDE Women's Grand Swiss 2023"]
[Site "Villa Marina, Douglas, Isle of Man, Isle Of Man"]
[Date "2023.11.03"]
[Round "9.19"]
[White "Savitha, Shri B"]
[Black "Kiolbasa, Oliwia"]
[Result "0-1"]
[TimeControl "40/90 + 30 + 30s/move"]
[WhiteFideId "35061887"]
[BlackFideId "1154613"]
[WhiteElo "2375"]
[BlackElo "2375"]

1. e4 e5 2. Nf3 Nc6 3. Bc4 Nf6 4. Ng5 d5 5. exd5 Na5 6. Bb5+ c6 7. dxc6 bxc6 8. Bd3 Nd5 9. h4 Nf4 10.
Bf1 h6 11. Ne4 c5 12. d3 Ne6 13. Nbc3 Be7 14. Be3 Rb8 15. b3 Nc6 16. Na4 O-O 17. g4 Bxh4 18. Naxc5 Nf4 19. c3 f5 20.
gxf5 Bxf5 21. Bxf4 exf4 22. Bh3 f3 23. Bxf5 Rxf5 24. d4 Be7 25. Ng3 Rf7 26. Nce4 Qa5 27. Rh5 Qa6 28. d5 Nb4 29.
c4 Bf6 30. Nxf6+ Qxf6 31. Kf1 Nd3 32. Rb1 Qd4 33. Qd2 Re8 34.
Rh2 Re5 35. Rd1 Rfe7 36. Kg1 Re1+ 37. Nf1 Qg4+ 38. Kh1 Rxd1 39. Qxd1 Re1 40. Qxe1 Nxe1 41. Ne3 Qd4 42. Rh5 Nd3 43. Kg1 Qb2 0-1